 Dungeon Crawl Stone Soup version 0.19-a0-1670-gc28a5d9 (webtiles) character file.

6284 AlphabetPasta the Tainter (level 11, 0/70 HPs)
             Began as a Halfling Venom Mage on Sept 21, 2016.
             Was a Believer of Ru.
             Slain by a troll (4 damage)
             ... on level 10 of the Dungeon.
             The game lasted 01:30:43 (15256 turns).

AlphabetPasta the Tainter (Halfling Venom Mage)    Turns: 15256, Time: 01:30:43

Health: 0/70       AC: 14    Str: 16    XL:     11   Next: 15%
Magic:  0/17       EV: 19    Int: 16    God:    Ru [**....]
Gold:   647        SH:  0    Dex: 16    Spells: 5 memorised, 7 levels left

rFire  + . .     SeeInvis .     c - +0 falchion
rCold  . . .     Gourm    .     y - +1 robe {MR+}
rNeg   . . .     Faith    .     (shield restricted)
rPois  .         Spirit   .     J - +0 helmet
rElec  .         Dismiss  .     u - +2 cloak
rCorr  .         Reflect  .     K - +0 pair of gloves
MR     .....     Harm     .     M - +1 pair of boots
Stlth  ++........               (no amulet)
                                F - ring of Tosketh {rF+ Str+7}
                                L - +4 ring of protection

@: repel missiles
A: mutation resistance 1, inability to train armour, magic vulnerability 1
a: Renounce Religion


You were on level 10 of the Dungeon.
You worshipped Ru.
Ru was pleased with you.
You were very hungry.

You visited 2 branches of the dungeon, and saw 12 of its levels.

You collected 647 gold pieces.

Inventory:

Hand Weapons
 a - a +1 dagger
 b - a +0 hunting sling
 c - a +0 falchion (weapon)
Missiles
 j - 76 sling bullets
 m - 322 stones (quivered)
Armour
 e - a +0 robe
 u - a +2 cloak (worn)
 y - a +1 robe of magic resistance (worn)
 J - a +0 helmet (worn)
 K - a +0 pair of gloves (worn)
 M - a +1 pair of boots (worn)
Jewellery
 t - an uncursed ring of poison resistance
 v - an uncursed ring of protection from cold
 F - the ring of Tosketh (right hand) {rF+ Str+7}
   (You found it on level 4 of the Dungeon)

   [ring of protection from fire]

   It affects your strength (+7).
   It protects you from fire.
 L - a +4 ring of protection (left hand)
Wands
 d - a wand of enslavement (2/24)
 r - a wand of teleportation (5/9)
 x - a wand of acid (0/15)
 z - a wand of slowing (23/48)
 A - a wand of iceblast (6/15)
 H - a wand of digging (18/24)
 N - a wand of teleportation (4/9)
Scrolls
 k - 2 scrolls of enchant armour
 l - 2 scrolls of enchant weapon
 o - a scroll of recharging
 p - 3 scrolls of remove curse
 B - 5 scrolls of teleportation
 D - 7 scrolls of identify
 G - 3 scrolls of amnesia
Potions
 f - 2 potions of flight
 i - a potion of magic
 E - 4 potions of agility
Books
 n - a Young Poisoner's Handbook

   Spells                             Type                      Level
   a - Sting                          Conjuration/Poison           1
   b - Mephitic Cloud                 Conjuration/Poison/Air       3
   c - Olgreb's Toxic Radiance        Poison                       4
   d - Alistair's Intoxication        Transmutation/Poison         5
   e - Venom Bolt                     Conjuration/Poison           5
 C - a book of Air

   Spells                             Type                      Level
   a - Shock                          Conjuration/Air              1
   b - Swiftness                      Charms/Air                   2
   c - Repel Missiles                 Charms/Air                   2
   d - Static Discharge               Conjuration/Air              3
   e - Lightning Bolt                 Conjuration/Air              5
Comestibles
 g - 10 fruits
 h - a beef jerky
 q - 7 meat rations
 w - 3 bread rations


   Skills:
 + Level 4.6 Fighting
 + Level 6.3(6.5) Short Blades
 + Level 1.7(3.7) Long Blades
 + Level 7.4 Slings
 + Level 6.2 Dodging
 - Level 2.3 Stealth
 + Level 4.5 Spellcasting
 * Level 6.9 Air Magic
 * Level 8.9 Poison Magic


You had 7 spell levels left.
You knew the following spells:

 Your Spells              Type           Power        Failure   Level  Hunger
a - Sting                 Conj/Pois      ###.         2%          1    None
b - Mephitic Cloud        Conj/Pois/Air  ###.....     8%          3    ###....
c - Olgreb's Toxic Radia  Pois           ####....     4%          4    ####...
d - Swiftness             Chrm/Air       ##......     8%          2    ##.....
e - Repel Missiles        Chrm/Air       ##....       8%          2    ##.....


Dungeon Overview and Level Annotations

Branches:
Dungeon (11/15)            Temple (1/1) D:5            Lair (0/6) D:10
    Orc: D:9-12

Altars:
Ashenzari
Cheibriados
Dithmenos
Elyvilon
Fedhas
Gozag
Hepliaklqana
Kikubaaqudgha
Makhleb
Nemelex Xobeh
Okawaru
Qazlal
Ru
Sif Muna
Trog
Uskayaw
Vehumet
Xom
Yredelemnul
Zin
The Shining One

Shops:
D:6 }

Annotations:
D:7 PurpleRed's ghost, novice DECj
D:10 Erolcha


Innate Abilities, Weirdness & Mutations

You are small and have problems with some larger weapons.
You are somewhat resistant to further mutation.
You cannot train Armour skill.
You are slightly vulnerable to magic. (MR-)


Message History

* * * LOW HITPOINT WARNING * * *
Evoke which item? (* to show all) (? for menu, Esc to quit)
Okay, then.
You feel better. The troll misses you. The troll claws you but does no damage.
The troll completely misses you.
Casting: Sting
Confirm with . or Enter, or press ? or * to list all spells.
Aiming: Sting
Press: ? - help, Shift-Dir - straight line, f/p - troll
Aim: a troll (almost dead)
The sting hits the troll.
The troll is almost dead.
The troll bites you.
* * * LOW HITPOINT WARNING * * *
The troll barely misses you. The troll claws you!
* * * LOW HITPOINT WARNING * * *
You hit the troll but do no damage.
The troll is almost dead.
The troll barely misses you. The troll claws you.
You die...

########### ####
#.......@.#
...######.#######T#
.......>..........#
...######.######..#
..#######.# #..#
..........# #.)#
..........# #..#
#.#######.# #..#
#.# #.# #..#


You could see a troll.

Vanquished Creatures
  A hill giant (D:11)
  Psyche (D:10)
  The ghost of chequers the Spear-Bearer, a novice MfCK of Xom (D:4)
  A troll (D:9)
  A wyvern (D:8)
  2 hungry ghosts
  Edmund (D:5)
  A steam dragon (D:9)
  A mottled dragon (D:8)
  3 water moccasins
  An orc warrior (D:7)
  A black bear (D:9)
  A sky beast (D:8)
  2 ogres
  A crocodile (D:8)
  4 centaurs
  A big kobold (D:9)
  13 bullfrogs
  3 gnoll sergeants
  5 scorpions
  3 howler monkeys
  5 crimson imps
  2 jellies
  A quasit (D:8)
  A bullfrog zombie (D:6)
  3 orc priests
  5 orc wizards
  3 hounds
  2 gnoll shamans
  A centaur skeleton (D:8)
  3 iguanas (D:6)
  Ijyb (D:3)
  3 worker ants
  A killer bee zombie (D:9)
  A hound skeleton (D:8)
  16 gnolls
  10 adders
  A howler monkey skeleton (D:9)
  2 shadow imps
  2 oozes
  2 adder zombies
  6 worms
  A dart slug (D:4)
  5 leopard geckos
  20 orcs
  5 bats
  8 giant cockroaches
  10 goblins
  15 hobgoblins
  4 jackals
  15 kobolds
  8 quokkas
  3 frilled lizards
  A quokka zombie (D:7)
  7 rats
221 creatures vanquished.

Vanquished Creatures (others)
  A two-headed ogre (D:11)
  A hippogriff (D:9)
  An ogre (D:8)
  2 plants (D:7)
5 creatures vanquished.

Grand Total: 226 creatures vanquished

Notes
Turn   | Place    | Note
-------+----------+-------------------------------------------
     0 | D:1      | AlphabetPasta the Halfling Venom Mage began the quest for the Orb.
     0 | D:1      | Reached XP level 1. HP: 11/11 MP: 3/3
   303 | D:1      | Reached XP level 2. HP: 17/17 MP: 0/4
  1015 | D:2      | Learned a level 1 spell: Sting
  1188 | D:2      | Reached XP level 3. HP: 21/21 MP: 5/5
  1196 | D:2      | Learned a level 3 spell: Mephitic Cloud
  1517 | D:2      | Reached XP level 4. HP: 27/27 MP: 3/6
  1744 | D:2      | Reached skill level 1 in Short Blades
  1744 | D:2      | Reached skill level 1 in Slings
  2438 | D:3      | Noticed Ijyb
  2451 | D:3      | Killed Ijyb
  2451 | D:3      | Reached XP level 5. HP: 29/31 MP: 5/7
  2884 | D:3      | Reached skill level 1 in Air Magic
  2955 | D:3      | Found a shadowy altar of Dithmenos.
  2955 | D:3      | Found a bloodstained altar of Trog.
  3025 | D:3      | Reached skill level 5 in Poison Magic
  3346 | D:3      | Learned a level 4 spell: Olgreb's Toxic Radiance
  3840 | D:4      | Noticed chequers's ghost (novice MfCK)
  4230 | D:4      | Reached XP level 6. HP: 24/37 MP: 2/9
  4384 | D:4      | Got a clouded lapis lazuli ring
  4385 | D:4      | Identified the ring of Tosketh {rF+ Str+7} (You found it on level 4 of the Dungeon)
  4789 | D:5      | Entered Level 5 of the Dungeon
  4818 | D:5      | Reached skill level 1 in Fighting
  4949 | D:5      | Noticed an ogre
  4970 | D:5      | Killed an ogre
  4970 | D:5      | Reached XP level 7. HP: 43/43 MP: 1/10
  5054 | D:5      | Learned a level 2 spell: Swiftness
  5109 | D:5      | Got a creamy pearl robe
  5120 | D:5      | Identified the +1 robe of Catatonia {rC+ Str+7 Slay-5 Stlth+} (You took it off an orc priest on level 5 of the Dungeon)
  5320 | D:5      | Found a staircase to the Ecumenical Temple.
  5339 | Temple   | Entered the Ecumenical Temple
  5520 | Temple   | Became a worshipper of Ru the Awakened
  5573 | D:5      | Noticed Edmund
  5707 | D:5      | Killed Edmund
  6234 | D:6      | Reached skill level 6 in Poison Magic
  6234 | D:6      | Reached XP level 8. HP: 50/50 MP: 11/11
  6704 | D:6      | Found Zadghud's Quality Used Wands.
  6900 | D:6      | Learned a level 2 spell: Repel Missiles
  7400 | D:7      | Gained mutation: You cannot train Armour skill. [Ru sacrifice]
  7400 | D:7      | Reached * piety under Ru
  8034 | D:7      | Reached skill level 5 in Slings
  8407 | D:7      | Reached XP level 9. HP: 55/55 MP: 13/13
  8477 | D:7      | Noticed PurpleRed's ghost (novice DECj)
  8596 | D:8      | HP: 1/55 [wyvern (11)]
  8599 | D:8      | Reached skill level 7 in Poison Magic
  9695 | D:8      | Reached skill level 5 in Dodging
 10550 | D:8      | Reached skill level 5 in Air Magic
 10797 | D:7      | Reached XP level 10. HP: 52/63 MP: 8/15
 11377 | D:4      | Killed chequers's ghost
 11494 | D:6      | Reached skill level 5 in Short Blades
 11603 | D:6      | Reached skill level 8 in Poison Magic
 12096 | D:7      | Gained mutation: You are slightly vulnerable to magic. (MR-) [Ru sacrifice]
 12096 | D:7      | Reached ** piety under Ru
 13385 | D:9      | Found a hide-covered altar of Uskayaw.
 13539 | D:10     | Entered Level 10 of the Dungeon
 13818 | D:10     | Noticed Psyche
 13827 | D:10     | Reached skill level 1 in Long Blades
 13873 | D:10     | Killed Psyche
 13977 | D:10     | Noticed Erolcha
 14283 | D:10     | Found a staircase to the Lair.
 14703 | D:11     | Reached XP level 11. HP: 70/70 MP: 1/17
 14986 | D:11     | Noticed a hill giant
 15008 | D:11     | Killed a hill giant
 15256 | D:10     | Slain by a troll

Vault maps used:
D:1:      dpeg_arrival_connections
D:2:      grunt_ministairs_11
D:3:      gammafunk_temple_overflow_elements, uniq_iyjb
D:4:      first_bread, serial_bayou_crossing
D:5:      uniq_edmund
D:6:      nicolae_for_you_no_charge
D:7:      kennysheep_housing_project, minmay_holes
D:9:      eat_drink_and_be_merry_uskayaw
D:10:     lair_0_dummy, uniq_psyche, uniq_erolcha
Temple:   regret_index_temple_mists

Skill      XL: |  1  2  3  4  5  6  7  8  9 10 |
---------------+-------------------------------+-----
Short Blades   | 1 2 3 4 6 |  6.3
Slings         | 2 3 4 5 6 7 |  7.4
Air Magic      | 1 2 3 5 6 |  6.9
Dodging        | 3 4 5 6 |  6.2
Poison Magic   | 5 6 7 8 |  8.9
Spellcasting   | 2 3 4 |  4.5
Fighting       | 1 2 3 4 |  4.6
Long Blades    | 1 |  1.7
Stealth        | |  2.3

Action                   |  1- 3 |  4- 6 |  7- 9 | 10-12 || total
-------------------------+-------+-------+-------+-------++-------
Melee: Dagger            |    21 |   119 |   184 |    60 ||   384
       Unarmed           |     3 |       |       |       ||     3
       Falchion          |       |       |    45 |   183 ||   228
 Fire: Hunting sling     |       |     6 |   127 |    29 ||   162
 Cast: Sting             |    47 |   138 |   252 |   131 ||   568
       Olgreb's Toxic Ra |       |       |     2 |    39 ||    41
       Repel Missiles    |       |       |     1 |     1 ||     2
       Swiftness         |       |       |       |     1 ||     1
Invok: Sacrifice Durabil |       |       |     1 |       ||     1
       Sacrifice Essence |       |       |       |     1 ||     1
Evoke: Wand              |       |     2 |     7 |     4 ||    13
  Use: Scroll            |     4 |    12 |     4 |     5 ||    25
       Potion            |       |       |     3 |     7 ||    10
 Stab: Sleeping          |     6 |     7 |     2 |       ||    15
       Invisible         |       |       |       |     1 ||     1
  Eat: Chunk             |     3 |    14 |    15 |    15 ||    47
       Pizza             |       |       |     1 |       ||     1
       Bread ration      |       |       |     1 |     1 ||     2
       Royal jelly       |       |       |     1 |       ||     1
       Fruit             |       |       |     2 |     1 ||     3
       Beef jerky        |       |       |       |     4 ||     4
Armor: Robe              |     4 |    44 |   113 |    92 ||   253
Dodge: Dodged            |    18 |   120 |   308 |   246 ||   692
       Deflected         |       |       |     1 |       ||     1
